 Dungeon Crawl Stone Soup version 0.31-a0-705-ga145531891 (webtiles) character file.

Game seed: 15770010670367536430

23316 arthad the Covert (level 13, -20/68 HPs)
             Began as a Vine Stalker Brigand on Sept 10, 2023.
             Was a Priest of Wu Jian.
             Demolished by a white ugly thing (28 damage)
             ... on level 12 of the Dungeon.
             The game lasted 00:43:15 (10216 turns).

arthad the Covert (Vine Stalker Brigand)           Turns: 10216, Time: 00:43:15

Health: -20/68     AC:  7    Str: 14    XL:     13   Next: 5%
Magic:  0/23       EV: 15    Int: 11    God:    Wu Jian [***...]
Gold:   409        SH:  7    Dex: 21    Spells: 4/24 levels left

rFire   + . .        H - +2 rapier (venom)
rCold   . . .        l - +1 buckler
rNeg    . . .        M - +1 leather armour of the Tarantula {Will++ Regen+}
rPois   .            (no helmet)
rElec   .            f - +2 cloak
rCorr   .            (no gloves)
SInv    .            (no boots)
Will    +++..        b - amulet of magic regeneration
Stlth   +++++        C - +4 ring of slaying
HPRegen 1.91/turn    F - ring of protection from fire
MPRegen 0.58/turn

%: guardian spirit
@: slowed, very slow
A: fangs 3, regeneration 1, magic shield, antimagic bite, no potion heal 2
a: Renounce Religion, Wall Jump, Serpent's Lash


You were on level 12 of the Dungeon.
You worshipped Wu Jian.
Wu Jian was most pleased with you.
You visited 2 branches of the dungeon, and saw 13 of its levels.

You collected 754 gold pieces.
You spent 345 gold pieces at shops.

Inventory:

Hand Weapons
 a - a +2 dagger
 c - a +2 dagger of venom
 H - a +2 rapier of venom (weapon)
Missiles
 d - 11 poisoned darts (quivered)
 x - 7 javelins
 J - a boomerang
 N - 4 silver javelins
 Z - a curare-tipped dart
Armour
 f - a +2 cloak (worn)
 g - a +0 ring mail of poison resistance
 l - a +1 buckler (worn)
 q - the +0 chain mail of Baldness {Fly}
   (You found it on level 3 of the Dungeon)

   Fly:       It grants you flight.
 D - a +3 leather armour of fire resistance
 I - a +0 troll leather armour
 M - the +1 leather armour of the Tarantula (worn) {Will++ Regen+}
   (You found it on level 9 of the Dungeon)

   Will++:    It greatly increases your willpower.
   Regen+:    It increases your rate of health regeneration.
 U - a +4 ring mail of willpower
Magical Staves
 i - a staff of earth
 r - a staff of fire
 S - a staff of death
 T - the staff of Intense Prudence {rElec rF- Will+ Int+3 Dex+3 Air}
   (You found it on level 8 of the Dungeon)

   [staff of air]

   Base accuracy: +5 Base damage: 5 Base attack delay: 1.2 This weapon's minimum
   attack delay (0.6) is reached at skill level 12.
   Int+3:     It affects your intelligence (+3).
   Dex+3:     It affects your dexterity (+3).
   rF-:       It makes you vulnerable to fire.
   rElec:     It insulates you from electricity.
   Will+:     It increases your willpower.
   Air:       It increases the power of your Air spells.
   It falls into the 'Staves' category.
   It is a one-handed weapon.
Jewellery
 b - an amulet of magic regeneration (around neck)
 n - a +6 ring of strength
 t - a ring of wizardry
 v - a ring of resist corrosion
 y - a ring of ice
 C - a +4 ring of slaying (left hand)
 F - a ring of protection from fire (right hand)
 X - a +6 ring of intelligence
Talismans
 V - a storm talisman
Wands
 E - a wand of charming (5)
 W - a wand of acid (6)
Scrolls
 e - a scroll of revelation
 h - 3 scrolls of poison
 m - a scroll of torment
 p - 2 scrolls of fog
 G - a scroll of enchant armour
 K - 2 scrolls of butterflies {unknown}
 L - a scroll of immolation {unknown}
 P - a scroll of amnesia {unknown}
 Q - a scroll of noise {unknown}
 R - a scroll of identify
 Y - a scroll of vulnerability
Potions
 j - 7 potions of heal wounds
 k - 3 potions of attraction {unknown}
 o - a potion of berserk rage {unknown}
 s - 3 potions of resistance {unknown}
 u - 5 potions of curing
 w - 5 potions of ambrosia
 z - 3 potions of haste {unknown}
 A - 4 potions of brilliance {unknown}
 B - 3 potions of might
 O - a potion of enlightenment {unknown}


   Skills:
 * Level 7.7 Fighting
 * Level 7.6 Short Blades
 + Level 6.3 Throwing
 + Level 4.1 Armour
 * Level 6.6 Dodging
 + Level 9.9 Stealth
 * Level 4.1 Shields
 + Level 6.3 Spellcasting
 + Level 6.1 Hexes
 + Level 4.2 Transmutations
 + Level 4.4 Fire Magic
 + Level 4.1 Poison Magic


You had 4 spell levels left.
You knew the following spells:

 Your Spells              Type           Power      Damage    Failure   Level
a - Slow                  Hex            64%        N/A       2%          1
b - Jinxbite              Hex            32%        N/A       3%          2
c - Confusing Touch       Hex            16%        N/A       8%          3
d - Sigil of Binding      Hex            16%        N/A       8%          3
e - Tukima's Dance        Hex            16%        N/A       8%          3
f - Ignite Poison         Fire/Tmut/Pois 12%        N/A       16%         3
g - Poisonous Vapours     Pois/Air       16%        N/A       21%         2
h - Mephitic Cloud        Conj/Pois/Air  6%         N/A       45%         3

Your spell library contained the following spells:

 Spells                   Type           Power      Damage    Failure   Level
 Wereblood                Tmut           12%        N/A       8%          2
 Inner Flame              Hex/Fire       15%        N/A       11%         3
 Cigotuvi's Dreadful Rot  Necr/Pois/Air  12%        N/A       26%         2
 Apportation              Tloc           6%         N/A       30%         1
 Vampiric Draining        Necr           3%         2d6       67%         3
 Flame Wave               Conj/Fire      8%         2d5       77%         4
 Sticky Flame             Conj/Fire      8%         2d3       77%         4
 Passage of Golubria      Tloc           3%         N/A       97%         4
 Yara's Violent Unravell  Hex/Tmut       7%         3d5       69%         5
 Alistair's Intoxication  Tmut/Pois      8%         N/A       83%         5
 Irradiate                Conj/Tmut      4%         3d13      98%         5
 Freezing Cloud           Conj/Ice/Air   1%         6-21      100%        5


Dungeon Overview and Level Annotations

Branches:
Dungeon (12/15)            Temple (1/1) D:7            Lair (0/5) D:11
    Orc (0/2) D:11

Altars:
Ashenzari
Cheibriados
Dithmenos
Elyvilon
Fedhas
Gozag
Hepliaklqana
Kikubaaqudgha
Makhleb
Nemelex Xobeh
Okawaru
Qazlal
Ru
Sif Muna
Trog
Uskayaw
Vehumet
Wu Jian
Xom
Yredelemnul
Zin
The Shining One

Shops:
D:3 =   D:9 !   D:11 !

Annotations:
D:8 1 runed translucent door
D:12 Azrael, Rupert, Sonja


Innate Abilities, Weirdness & Mutations

You have razor-sharp teeth.
Your natural rate of healing is unusually fast.
When hurt, damage is shared between your health and your magic reserves.
Your bite disrupts and absorbs the magic of your enemies.
Potions cannot restore your health.


Message History

The white ugly thing looks as sick as possible!
You bite the white ugly thing. You drain its power.
You feel invigorated.
The white ugly thing is moderately wounded.
You hear the loud beating of a drum very nearby.
The fire elemental hits you. The fire elemental burns you! You resist.
The white ugly thing tail-slaps you but does no damage.
The fire elemental closely misses you. The white ugly thing tail-slaps you.
The white ugly thing freezes you!!
You are too injured to fight recklessly!
You are too injured to fight recklessly!
You are too injured to fight recklessly!
Okay, then.
Unknown command.
Aiming: Wall Jump
Press: ? - help, Dir - move target A slime creature comes into view.
You repeatedly attack the white ugly thing from above.
You hit the white ugly thing. You bite the white ugly thing.
You drain its power.
You feel invigorated.
The white ugly thing is heavily wounded.
You hit the white ugly thing.
The white ugly thing looks as sick as possible!
The white ugly thing is heavily wounded.
You hit the white ugly thing.
The white ugly thing looks as sick as possible!
Your bite misses the white ugly thing.
The white ugly thing is heavily wounded.
The white ugly thing tail-slaps you! The white ugly thing freezes you!!
* * * LOW HITPOINT WARNING * * *
The fire elemental hits you. The fire elemental burns you! You resist.
* * * LOW HITPOINT WARNING * * *
You block the fire elemental's attack. The white ugly thing misses you.
The fire elemental hits you. The fire elemental burns you! You resist.
* * * LOW HITPOINT WARNING * * *
The fire elemental hits you. The fire elemental burns you! You resist.
* * * LOW HITPOINT WARNING * * *
The white ugly thing tail-slaps you.
* * * LOW HITPOINT WARNING * * *
The white ugly thing freezes you!!
You die...

*,* *,* * #.* *,# * #.* *.# *
#.#####.############
#...................
******#####...................
*,,,,,........................
*,,,,,......°°E...............
*,,,,,......○@E☼...........)).
*,,,,,......W○u☼☼.........)...
*,,,,,..........○°..........).
*,,,,,.J....#####..####.######
*,,,,∩..$...,,..☼☼.# #.# #
*,,,,,......~~~~.°.# #.# #
******##.....≈≈~...# #.# #
##..~~~~~≈R.#**#.#*####
**,.~~~~E°E○☼,........


You could see a white ugly thing (extremely poisoned), a slime creature
(asleep), 2 fire elementals and a shadow.

Vanquished Creatures
  3 boulder beetles
  6 two-headed ogres
  Pikel (D:4)
  2 cyclopes
  A spectral boulder beetle (D:11)
  A gargoyle (D:11)
  3 centaur zombies (D:11)
  2 centaur skeletons (D:11)
  2 trolls
  A tengu conjurer (D:8)
  A queen bee (D:10)
  A meliai zombie (D:11)
  A slime creature (D:8)
  10 flying skulls (D:11)
  4 shadows (D:11)
  A vampire (D:11)
  8 wraiths
  Eustachio (D:6)
  15 yaks
  2 wyverns
  2 vampire mosquitoes
  4 basilisks (D:11)
  6 wargs (D:11)
  2 acid dragons (D:11)
  2 water moccasins
  A hell hound (D:12)
  A meliai simulacrum (D:11)
  5 orc warriors
  2 sky beasts
  6 ogres
  2 black mamba simulacra (D:11)
  6 centaurs
  A lemure (D:4)
  2 phantoms
  2 bullfrogs
  A kobold brigand (D:10)
  5 scorpions
  4 wights
  23 killer bees (D:10)
  6 howler monkeys
  2 hounds
  4 jellies
  An iguana (D:5)
  10 orc priests
  A sleepcap (D:6)
  13 orc wizards
  5 hell rats (D:11)
  A howler monkey zombie (D:11)
  4 adders
  5 gnolls
  3 shadow imps
  2 white imps
  4 ufetubi
  2 worms
  6 dart slugs
  47 orcs
  4 endoplasms
  A giant cockroach (D:1)
  2 goblins
  4 hobgoblins
  4 jackals
  13 kobolds
  3 quokkas
  5 ball pythons
  3 bats (D:1)
  A frilled lizard (D:3)
  A rat (D:3)
300 creatures vanquished.

Vanquished Creatures (collateral kills)
  A wight (D:8)
  A gnoll bouda (D:8)
  An orc wizard (D:8)
  2 gnolls (D:8)
  2 orcs (D:8)
7 creatures vanquished.

Vanquished Creatures (others)
  A black bear (D:8)
  2 wights (D:8)
  A gnoll (D:8)
4 creatures vanquished.

Grand Total: 311 creatures vanquished

Notes
Turn   | Place    | Note
-------+----------+-------------------------------------------
     0 | D:1      | arthad the Vine Stalker Brigand began the quest for the
                  | Orb.
     0 | D:1      | Reached XP level 1. HP: 11/11 MP: 2/2
   148 | D:1      | Reached skill level 1 in Dodging
   148 | D:1      | Reached XP level 2. HP: 15/15 MP: 1/3
   233 | D:1      | Reached skill level 5 in Stealth
   566 | D:2      | Reached XP level 3. HP: 18/18 MP: 4/4
  1163 | D:3      | Found a shimmering altar of Xom.
  1193 | D:3      | Reached XP level 4. HP: 13/23 MP: 6/6
  1228 | D:3      | Reached skill level 1 in Spellcasting
  1243 | D:3      | Identified the +0 chain mail of Baldness {Fly}
  1328 | D:3      | Found Dibaokuerph's Jewellery Boutique.
  1344 | D:3      | Found a hide-covered altar of Uskayaw.
  1475 | D:3      | Learned a level 1 spell: Slow
  1926 | D:4      | Noticed an ogre
  1995 | D:4      | Noticed a scorpion
  1999 | D:4      | Noticed Pikel
  2021 | D:3      | Killed a scorpion
  2022 | D:3      | Reached XP level 5. HP: 25/27 MP: 4/8
  2273 | D:4      | Reached skill level 1 in Hexes
  2333 | D:4      | Killed an ogre
  2334 | D:4      | Reached XP level 6. HP: 32/32 MP: 8/10
  2405 | D:4      | Killed Pikel
  2406 | D:4      | Reached skill level 6 in Stealth
  2406 | D:4      | Reached XP level 7. HP: 13/36 MP: 4/12
  2466 | D:4      | Gained mutation: You have razor-sharp teeth. [Vine Stalker
                  | growth]
  2466 | D:4      | Reached XP level 8. HP: 29/40 MP: 9/13
  2881 | D:5      | Entered Level 5 of the Dungeon
  3124 | D:5      | Reached skill level 7 in Stealth
  3310 | D:5      | Found a shadowy altar of Dithmenos.
  3398 | D:5      | Learned a level 2 spell: Jinxbite
  3402 | D:5      | Learned a level 3 spell: Confusing Touch
  3406 | D:5      | Learned a level 3 spell: Sigil of Binding
  3607 | D:5      | Noticed a gargoyle
  3779 | D:6      | Reached XP level 9. HP: 45/45 MP: 13/15
  3864 | D:6      | Noticed Eustachio
  3904 | D:6      | Killed Eustachio
  4078 | D:6      | Found a white marble altar of Elyvilon.
  4517 | D:7      | Found a staircase to the Ecumenical Temple.
  4566 | D:7      | Reached skill level 5 in Fighting
  4566 | D:7      | Reached skill level 5 in Short Blades
  4566 | D:7      | Reached skill level 1 in Armour
  4871 | D:7      | Reached skill level 8 in Stealth
  5060 | D:8      | Noticed a troll
  5065 | D:8      | Killed a troll
  5114 | D:8      | Reached XP level 10. HP: 51/51 MP: 17/17
  5125 | D:8      | Reached skill level 1 in Fire Magic
  5136 | D:8      | Reached skill level 1 in Transmutations
  5136 | D:8      | Reached skill level 1 in Poison Magic
  5151 | D:8      | Noticed a two-headed ogre
  5176 | D:8      | Killed a two-headed ogre
  5177 | D:8      | Reached skill level 5 in Throwing
  5271 | D:8      | Found a stormy altar of Qazlal.
  5549 | D:8      | Found a runed translucent door.
  5550 | D:8      | Noticed a cyclops
  5550 | D:8      | Noticed a boulder beetle
  5550 | D:8      | Noticed a boulder beetle
  5781 | D:9      | Found Zuzxet's Distillery.
  5801 | D:9      | Identified the +1 leather armour of the Tarantula {Will++
                  | Regen+}
  5807 | D:9      | Bought a potion of ambrosia for 120 gold pieces
  5807 | D:9      | Bought a potion of curing for 45 gold pieces
  5807 | D:9      | Bought a potion of might for 60 gold pieces
  5807 | D:9      | Bought a potion of might for 60 gold pieces
  5807 | D:9      | Bought a potion of might for 60 gold pieces
  5864 | D:9      | Found a glowing golden altar of the Shining One.
  6179 | D:9      | Noticed a two-headed ogre
  6191 | D:9      | Killed a two-headed ogre
  6231 | D:9      | Reached skill level 5 in Dodging
  6244 | D:9      | Found a sparkling altar of Nemelex Xobeh.
  6650 | Temple   | Entered the Ecumenical Temple
  6667 | Temple   | Became a worshipper of the Wu Jian Council
  6750 | D:8      | Killed a boulder beetle
  6751 | D:8      | Reached skill level 5 in Spellcasting
  6764 | D:8      | Killed a boulder beetle
  6765 | D:8      | Reached XP level 11. HP: 32/56 MP: 3/19
  6877 | D:8      | Reached skill level 5 in Hexes
  6953 | D:8      | Found a runed translucent door.
  6953 | D:8      | Found a runed translucent door.
  6984 | D:8      | Noticed a tengu warrior
  6998 | D:8      | Identified the staff of Intense Prudence {rElec rF- Will+
                  | Int+3 Dex+3 Air}
  7020 | D:8      | Noticed an eight-headed hydra
  7054 | D:8      | Killed a cyclops
  7212 | D:10     | Entered Level 10 of the Dungeon
  7228 | D:10     | Found a broken altar of Ashenzari.
  7228 | D:10     | Found an iron altar of Okawaru.
  7246 | D:10     | Noticed a two-headed ogre
  7458 | D:10     | Reached skill level 1 in Shields
  7538 | D:10     | Learned a level 3 spell: Tukima's Dance
  7561 | D:10     | Killed a two-headed ogre
  7615 | D:10     | Reached skill level 9 in Stealth
  7624 | D:10     | Reached * piety under Wu Jian
  7946 | D:10     | Noticed a two-headed ogre
  7952 | D:10     | Killed a two-headed ogre
  8054 | D:11     | Noticed a cyclops
  8054 | D:11     | Noticed a two-headed ogre
  8060 | D:10     | Killed a cyclops
  8069 | D:11     | Killed a two-headed ogre
  8070 | D:11     | Reached XP level 12. HP: 15/62 MP: 5/21
  8231 | D:11     | Reached ** piety under Wu Jian
  8239 | D:11     | Learned a level 3 spell: Ignite Poison
  8242 | D:11     | Learned a level 2 spell: Poisonous Vapours
  8246 | D:11     | Learned a level 3 spell: Mephitic Cloud
  8650 | D:11     | Found a staircase to the Lair.
  8723 | D:11     | Found Oscha's Distillery.
  8748 | D:11     | Noticed a two-headed ogre
  8750 | D:11     | Killed a two-headed ogre
  9041 | D:11     | Noticed a boulder beetle
  9054 | D:11     | Killed a boulder beetle
  9239 | D:11     | Reached *** piety under Wu Jian
  9461 | D:11     | Found an ancient bone altar of Kikubaaqudgha.
  9545 | D:11     | Reached XP level 13. HP: 58/61 MP: 23/23
  9633 | D:11     | Found a staircase to the Orcish Mines.
 10113 | D:12     | Noticed Sonja
 10145 | D:12     | Noticed Rupert
 10207 | D:12     | Noticed Azrael
 10216 | D:12     | Demolished by a white ugly thing

Illustrated notes

Levels and vault maps discovered:
D:1:      lordsloth_arrival_two_stooges, layout_rooms, serial_glass,
          glass_columns_b, glass_columns_a, hangedman_decor_diamond_cutter
D:2:      layout_loops_ring, minmay_tromino_v2
D:3:      layout_basic, mainiacjoe_overflow_cross_hatched,
          nicolae_uskayaw_dance_hall, serial_shops, shop
D:4:      cheibrodos_helix_gallery, layout_rooms, uniq_pikel
D:5:      layout_loops_ring, nicolae_dithmenos_through_a_glass_darkly,
          minmay_divided_ellipse
D:6:      layout_loops_ring, kennysheep_little_box, grunt_ministairs_4,
          uniq_eustachio
D:7:      layout_basic, temple_pool_b
D:8:      minmay_the_grid_triangle_9x9_recursive_2
          [minmay_the_grid_triangle_9x9_prize_top_heavy,
          minmay_the_grid_triangle_9x9_tough_junction,
          minmay_the_grid_triangle_9x9_subtriangle,
          minmay_the_grid_triangle_9x9_negative_grid], layout_loops_cross,
          nicolae_qazlal_general_emergency
D:9:      layout_layer_cave, lemuel_crystal_altar, lemuel_crystal_altar,
          serial_shops, shop
D:10:     nicolae_cairo_tiling_large_dashed, layout_rooms,
          gammafunk_temple_overflow_elements, special_room [special_room_bee]
D:11:     lemuel_vampire_tower, layout_layer_cave, lair_entry_dummy,
          david_orc_2, serial_shops, nicolae_shop_tiny_waterfront
D:12:     layout_small_grid, serial_ice, serial_ice_o, serial_ice_b,
          serial_ice_j, serial_ice_f, gauntlet_entry_generic,
          hangedman_abyss_or_decor_lesser_grid, uniq_rupert, uniq_azrael,
          uniq_sonja
Temple:   nicolae_temple_bog_church

Skill      XL: |  1  2  3  4  5  6  7  8  9 10 11 12 |
---------------+-------------------------------------+-----
Dodging        | 1 2 3 4 5 6 |  6.6
Fighting       | 2 3 4 5 6 7 |  7.7
Stealth        | 5 6 7 8 9 |  9.9
Short Blades   | 2 3 4 5 6 7 |  7.6
Throwing       | 2 3 4 5 6 |  6.3
Spellcasting   | 1 2 3 4 5 6 |  6.3
Hexes          | 1 2 3 4 5 6 |  6.1
Armour         | 1 2 3 4 |  4.1
Fire Magic     | 2 3 4 |  4.4
Transmutations | 2 3 4 |  4.2
Poison Magic   | 2 3 4 |  4.1
Shields        | 2 4 |  4.1

Action                     |  1- 3 |  4- 6 |  7- 9 | 10-12 | 13-15 || total
---------------------------+-------+-------+-------+-------+-------++-------
  Melee: Dagger            |    97 |    87 |   108 |       |       ||   292
         Bite              |    16 |    29 |    67 |   259 |    28 ||   399
         Punch             |     1 |     1 |     4 |     3 |       ||     9
         Rapier            |       |       |    93 |   616 |    43 ||   752
  Throw: Dart              |    19 |    23 |     9 |    35 |     2 ||    88
         Javelin           |       |     8 |     2 |     8 |     1 ||    19
   Cast: Slow              |       |     1 |     2 |       |       ||     3
         Confusing Touch   |       |       |       |     1 |       ||     1
         Jinxbite          |       |       |       |     1 |       ||     1
Ability: Lunge             |       |       |       |    10 |     5 ||    15
         Whirlwind         |       |       |       |     2 |       ||     2
         Wall Jump         |       |       |       |     1 |     1 ||     2
  Evoke: Wand              |       |       |       |    11 |       ||    11
    Use: Potion            |       |     2 |       |     2 |       ||     4
         Scroll            |       |       |     7 |     7 |     1 ||    15
   Stab: Sleeping          |     2 |     5 |    19 |    12 |       ||    38
         Distracted        |       |       |     1 |     1 |     1 ||     3
 Armour: Robe              |    56 |    41 |    40 |       |       ||   137
         Leather armour    |       |       |    50 |   326 |    31 ||   407
         Troll leather arm |       |       |     1 |    94 |       ||    95
  Dodge: Dodged            |    62 |    36 |   109 |   397 |    17 ||   621
  Block: Buckler           |       |       |       |   136 |    10 ||   146

Table legend: (Time is in decaauts)
 A = Elapsed time spent in this place.
 B = Non-inter-level travel time spent in this place.
 C = Inter-level travel time spent in this place.
 D = Time resting spent in this place.
 E = Time spent auto-exploring this place.
 F = Levels seen in this place.
 G = Mean time per level.
                   A        B        C        D        E       F      G
               +--------+--------+--------+--------+--------+-----+--------+
         Total |  10148 |   9525 |    623 |    207 |   6849 |  13 |  780.6 |
       Dungeon |  10113 |   9518 |    595 |    207 |   6849 |  12 |  842.8 |
        Temple |     35 |      7 |     28 |      0 |      0 |   1 |   35.0 |
               +--------+--------+--------+--------+--------+-----+--------+

Top non-repeatable levels by time:
    D:11: 2102 daAuts
     D:8: 1197 daAuts
     D:9: 995 daAuts
     D:3: 987 daAuts
     D:5: 825 daAuts
     D:4: 781 daAuts
    D:10: 747 daAuts
     D:6: 744 daAuts
     D:2: 614 daAuts
     D:7: 591 daAuts
     D:1: 470 daAuts
    D:12: 55 daAuts
  Temple: 35 daAuts
